 Dungeon Crawl Stone Soup version 0.31-a0-208-gdb31a4691d (webtiles) character file.

Game seed: 10141904160298289561

1705 rabbitsville the Fighter (level 9, 0/83 HPs)
             Began as a Hill Orc Fighter on June 29, 2023.
             Was a Believer of Uskayaw.
             Slain by a sky beast (1 damage)
             ... on level 6 of the Dungeon.
             The game lasted 00:13:07 (5090 turns).

rabbitsville the Fighter (Hill Orc Fighter)         Turns: 5090, Time: 00:13:08

Health: 0/83       AC: 20    Str: 23    XL:     9   Next: 3%
Magic:  20/22      EV: 14    Int:  8    God:    Uskayaw [**....]
Gold:   471        SH:  4    Dex: 10    Spells: 8/8 levels left

rFire   . . .        a - +0 flail
rCold   . . .        c - +0 buckler
rNeg    . . .        A - +7 scale mail of Saihod {Harm *Slow rElec MP+9}
rPois   .            (no helmet)
rElec   +            (no cloak)
rCorr   .            E - +0 pair of gloves
SInv    .            j - +0 pair of boots
Will    .....        (no amulet) Stlth
                     m - +4 ring of protection
HPRegen 0.33/turn    o - +5 ring of evasion
MPRegen 0.18/turn

%: slow self (1%), harm (+30% outgoing, +20% incoming)
@: mighty, mesmerised
A: no striking features
a: Renounce Religion, Stomp, Line Pass


You were on level 6 of the Dungeon.
You worshipped Uskayaw.
Uskayaw was noncommittal.
You visited 1 branch of the dungeon, and saw 6 of its levels.

You collected 471 gold pieces.

Inventory:

Hand Weapons
 a - a +0 flail (weapon)
Missiles
 l - 2 throwing nets
Armour
 b - a +0 scale mail
 c - a +0 buckler (worn)
 j - a +0 pair of boots (worn)
 A - the +7 scale mail of Saihod (worn) {Harm *Slow rElec MP+9}
   (You found it on level 5 of the Dungeon)

   rElec:     It insulates you from electricity.
   MP:        It affects your magic capacity (+9).
   *Slow:     It may slow you when you take damage.
   Harm:      It increases damage dealt and taken.
 E - a +0 pair of gloves (worn)
Jewellery
 m - a +4 ring of protection (left hand)
 o - a +5 ring of evasion (right hand)
 w - an amulet of magic regeneration
Wands
 v - a wand of roots (3)
 y - a wand of digging (9)
Scrolls
 e - a scroll of teleportation
 g - a scroll of enchant armour {unknown}
 h - 3 scrolls of identify
 n - a scroll of noise
 r - a scroll of fear {unknown}
 s - a scroll of torment {unknown}
 B - a scroll of poison {unknown}
 D - a scroll of enchant weapon {unknown}
 F - a scroll of silence {unknown}
Potions
 f - 2 potions of brilliance {unknown}
 i - a potion of berserk rage {unknown}
 k - 3 potions of resistance
 p - a potion of lignification {unknown}
 q - a potion of haste
 t - a potion of mutation {unknown}
 u - a potion of curing {unknown}
 x - 3 potions of heal wounds {unknown}
 z - a potion of ambrosia {unknown}
 C - a potion of enlightenment {unknown}


   Skills:
 * Level 9.3 Fighting
 * Level 7.9 Maces & Flails
 - Level 3.2 Armour
 - Level 3.6 Shields
 + Level 6.1 Invocations


You had 8 spell levels left.
You didn't know any spells.
Your spell library contained the following spells:

 Spells                   Type           Power      Damage    Failure   Level
 Kiss of Death            Conj/Necr      0%         2d5       78%         1
 Blink                    Tloc           0%         N/A       89%         2
 Lesser Beckoning         Tloc           0%         N/A       89%         2
 Momentum Strike          Conj/Tloc      0%         3d8       89%         2
 Summon Guardian Golem    Hex/Summ       0%         N/A       98%         3
 Leda's Liquefaction      Hex/Erth       0%         N/A       100%        4
 Lee's Rapid Deconstruct  Erth           0%         3d4*      100%        5
 Leda's Unmaking          Conj/Erth      0%         9d1       100%        6
 Statue Form              Tmut/Erth      0%         N/A       100%        6
 Orb of Destruction       Conj           0%         9d5       100%        7
 Spellforged Servitor     Conj/Summ      0%         N/A       100%        7


Dungeon Overview and Level Annotations

Branches:
Dungeon (6/15)             Temple (0/1) D:4

Altars:
Gozag
Kikubaaqudgha
Makhleb
Nemelex Xobeh
Sif Muna
Uskayaw
Vehumet

Annotations:
D:6 Maggie


Message History

The sky beast barely misses you.
Maggie hits you with a +1 war axe of flaming.
* * * LOW HITPOINT WARNING * * *
Maggie burns you.
* * * LOW HITPOINT WARNING * * *
You can now stomp with the beat.
Okay, then.
As you read the scroll labelled HEMPAV VISKADU, it crumbles to dust.
You hear a loud clanging noise!
It was a scroll of noise.
You hear a shout! x3; You hear a loud, deep croak!
You hear a shout! x6
You hear a bark!
Maggie points at you and mumbles some strange words.
The bolt of fire hits you.
* * * LOW HITPOINT WARNING * * *
You block the sky beast's attack.
You feel very mighty all of a sudden.
The sky beast hits you but does no damage.
Maggie barely misses you.
You closely miss Maggie.
Maggie is moderately wounded.
Maggie closely misses you.
The sky beast flickers out of sight!
Deactivating autopickup; reactivate with Ctrl-A.
Something hits you but does no damage.
You sock Maggie!
Maggie is severely wounded.
You block something's attack.
Maggie hits you with a +1 war axe of flaming.
* * * LOW HITPOINT WARNING * * *
Maggie burns you.
* * * LOW HITPOINT WARNING * * *
You can now pass through a line of other dancers.
You closely miss Maggie.
Maggie is severely wounded.
Maggie hits you with a +1 war axe of flaming!
* * * LOW HITPOINT WARNING * * *
Maggie burns you.
* * * LOW HITPOINT WARNING * * *
Something hits you.
You die...

#.# #.# #.#
#.# ###.###
.....
######{###
#.#....@@..#
#.#.#..#.#.#
#.#.#..#...#
#!#.#..#####
#.#.#......#
#.#.....##.#
#.#.....#
#.....#.#
#.###.#.#


You could see Maggie (mesmerising).

Vanquished Creatures
  Sigmund (D:4)
  Eustachio (D:5)
  An ice beast (D:4)
  2 ogres
  A phantom (D:4)
  A kobold brigand (D:6)
  4 scorpions
  A howler monkey (D:5)
  2 hounds
  A gnoll bouda (D:6)
  Ijyb (D:3)
  6 orc wizards
  5 iguanas
  10 adders
  12 gnolls
  A shadow imp (D:4)
  A white imp (D:6)
  An ufetubus (D:4)
  A worm (D:2)
  4 orcs
  14 ball pythons
  6 bats
  10 endoplasms
  3 giant cockroaches
  15 hobgoblins
  7 jackals (D:1)
  18 kobolds
  6 quokkas
  3 frilled lizards
  10 goblins
  8 rats
157 creatures vanquished.

Notes
Turn   | Place    | Note
-------+----------+-------------------------------------------
     0 | D:1      | rabbitsville the Hill Orc Fighter began the quest for the
                  | Orb.
     0 | D:1      | Reached XP level 1. HP: 19/19 MP: 1/1
    87 | D:1      | Reached XP level 2. HP: 21/27 MP: 2/2
   162 | D:1      | Reached skill level 4 in Fighting
   365 | D:1      | Reached XP level 3. HP: 14/33 MP: 3/3
   491 | D:1      | Found a faded altar of an unknown god.
   511 | D:1      | Prayed at the altar of an unknown god.
   511 | D:1      | Became a worshipper of Uskayaw the Reveller
   511 | D:1      | Reached * piety under Uskayaw
  1159 | D:2      | Reached ** piety under Uskayaw
  1170 | D:2      | Reached XP level 4. HP: 31/41 MP: 4/4
  1238 | D:2      | Reached skill level 1 in Invocations
  1583 | D:2      | Reached skill level 5 in Fighting
  1665 | D:2      | Reached XP level 5. HP: 48/48 MP: 6/6
  2004 | D:3      | Noticed Ijyb
  2027 | D:3      | Killed Ijyb
  2359 | D:3      | Found an opulent altar of Gozag.
  2473 | D:3      | Found a shimmering blue altar of Sif Muna.
  2486 | D:3      | Reached XP level 6. HP: 50/57 MP: 7/7
  2492 | D:3      | Found an ancient bone altar of Kikubaaqudgha.
  2510 | D:3      | Reached *** piety under Uskayaw
  2511 | D:3      | Reached skill level 6 in Fighting
  2512 | D:3      | Reached **** piety under Uskayaw
  2516 | D:3      | Got Kikubaaqudgha's Writings on Maleficent Liturgies
  2593 | D:3      | Found a radiant altar of Vehumet.
  2950 | D:4      | Found a staircase to the Ecumenical Temple.
  2981 | D:4      | Reached skill level 5 in Maces & Flails
  3030 | D:4      | Found a burning altar of Makhleb.
  3045 | D:4      | Reached XP level 7. HP: 64/64 MP: 9/9
  3234 | D:4      | Reached skill level 7 in Fighting
  3390 | D:4      | Found a sparkling altar of Nemelex Xobeh.
  3440 | D:4      | Noticed Sigmund
  3455 | D:4      | Killed Sigmund
  3479 | D:4      | Reached XP level 8. HP: 74/74 MP: 11/11
  3747 | D:5      | Entered Level 5 of the Dungeon
  3791 | D:5      | Reached skill level 8 in Fighting
  3861 | D:5      | Reached skill level 5 in Invocations
  3923 | D:5      | Noticed Eustachio
  3933 | D:5      | Killed Eustachio
  3966 | D:5      | Identified the +7 scale mail of Saihod {Harm *Slow rElec
                  | MP+9}
  4675 | D:6      | Reached skill level 9 in Fighting
  4881 | D:6      | Reached XP level 9. HP: 83/83 MP: 13/13
  4947 | D:6      | Noticed Maggie
  5090 | D:6      | HP: 4/83 [Maggie/+1 war axe of flaming (9)]
  5090 | D:6      | HP: 1/83 [Maggie/+1 war axe of flaming (3)]
  5090 | D:6      | Slain by a sky beast

Illustrated notes

Levels and vault maps discovered:
D:1:      lightli_arrival_lavapool, layout_basic,
          hellmonk_ecumenical_altar_dog_temple, serial_rivers,
          chequers_serial_rivers_micro_c, chequers_serial_rivers_micro_e,
          chequers_serial_rivers_micro_e, chequers_serial_rivers_micro_a
D:2:      minmay_chambers_of_twos, layout_rooms, minmay_indecisive_spiral
D:3:      layout_loops_ring, palyth_temple_overflow_mages,
          mainiacjoe_overflow_paths, minivault_4, amethyst_killhole,
          minmay_snake_closets, uniq_ijyb
D:4:      cheibrodos_greedy_goblins, layout_cave_pools,
          mainiacjoe_overflow_surrounded_room, makhleb_blood_cavern_becter,
          minmay_temple_entry_glassed_door, uniq_sigmund
D:5:      layout_rooms, minivault_25, uniq_eustachio
D:6:      layout_basic, grunt_ministairs_1, grunt_decor_junction,
          minmay_misc_feat_five, nicolae_elevator_lobby_plus, uniq_maggie

Skill      XL: |  1  2  3  4  5  6  7  8 |
---------------+-------------------------+-----
Fighting       | 4 5 6 7 9 |  9.3
Maces & Flails | 3 4 5 6 7 |  7.9
Invocations    | 1 2 3 4 6 |  6.1
Armour         | |  3.2
Shields        | |  3.6

Action                     |  1- 3 |  4- 6 |  7- 9 || total
---------------------------+-------+-------+-------++-------
  Melee: Flail             |    92 |   293 |   274 ||   659
 Invoke: Stomp             |       |       |     1 ||     1
    Use: Scroll            |       |       |     3 ||     3
         Potion            |       |       |     1 ||     1
   Stab: Paralysed         |       |     1 |     2 ||     3
 Armour: Scale mail        |    45 |   154 |   125 ||   324
  Dodge: Dodged            |    32 |   207 |   214 ||   453
  Block: Buckler           |    21 |    72 |    71 ||   164

Table legend: (Time is in decaauts)
 A = Elapsed time spent in this place.
 B = Non-inter-level travel time spent in this place.
 C = Inter-level travel time spent in this place.
 D = Time resting spent in this place.
 E = Time spent auto-exploring this place.
 F = Levels seen in this place.
 G = Mean time per level.
                   A        B        C        D        E       F      G
               +--------+--------+--------+--------+--------+-----+--------+
         Total |   5215 |   5099 |    116 |     69 |   3133 |   6 |  869.2 |
       Dungeon |   5215 |   5099 |    116 |     69 |   3133 |   6 |  869.2 |
               +--------+--------+--------+--------+--------+-----+--------+

Top non-repeatable levels by time:
     D:3: 1267 daAuts
     D:1: 1156 daAuts
     D:4: 825 daAuts
     D:5: 794 daAuts
     D:2: 606 daAuts
     D:6: 566 daAuts
